 Dungeon Crawl Stone Soup version 0.28-a0-1447-ga5a8893891 (webtiles) character file.

Game seed: 10577405892315958310

144 ticklebelly the Chopper (level 5, -2/47 HPs)
             Began as a Minotaur Berserker on Jan 12, 2022.
             Was a Follower of Trog.
             Succumbed to a gnoll's poison
             ... on level 3 of the Dungeon.
             The game lasted 00:01:42 (2791 turns).

ticklebelly the Chopper (Minotaur Berserker)        Turns: 2791, Time: 00:01:43

Health: -2/47      AC:  9    Str: 23    XL:     5   Next: 5%
Magic:  4/4        EV:  8    Int:  4    God:    Trog [*.....]
Gold:   61         SH:  0    Dex: 10    Spells: 4/4 levels left

rFire   . . .      SeeInvis .   a - +0 hand axe
rCold   . . .      Faith    .   (no shield)
rNeg    . . .      Spirit   .   d - +0 chain mail
rPois   .          Reflect  .   (helmet restricted)
rElec   .          Harm     .   (no cloak)
rCorr   .          Rampage  .   (no gloves)
Will    ++...                   (no boots)
Stlth   ..........              (no amulet)
HPRegen 1.15/turn               (no ring)
MPRegen 0.09/turn               (no ring)

@: lethally poisoned (-2 -> -14), strong-willed (expiring), regenerating
(expiring)
A: horns 2, retaliatory headbutt
a: Renounce Religion, Berserk


You were on level 3 of the Dungeon.
You worshipped Trog.
Trog was aware of your devotion.
You visited 1 branch of the dungeon, and saw 3 of its levels.

You collected 61 gold pieces.

Inventory:

Hand Weapons
 a - a +0 hand axe (weapon)
Armour
 b - a +0 animal skin
 d - a +0 chain mail (worn)
Jewellery
 g - a ring of magical power
Scrolls
 e - a scroll of identify {unknown}
Potions
 c - a potion of might {unknown}
 f - a potion of berserk rage {unknown}
 h - a potion of mutation {unknown}


   Skills:
 + Level 4.9 Fighting
 + Level 5.0 Axes
 + Level 4.1 Armour
 - Level 2.1 Dodging


You had 4 spell levels left.
You didn't know any spells.
Your spell library was empty.

Dungeon Overview and Level Annotations

Branches:
Dungeon (3/15)

Altars:


Innate Abilities, Weirdness & Mutations

You have a pair of horns on your head.
You reflexively headbutt those who attack you in melee.


Message History

You hit the gnoll. The gnoll hits you with a +0 flail.
The gnoll hits you but does no damage.
You are poisoned.
The gnoll hits you with a +0 flail.
You hit the gnoll.
You kill the gnoll!
Trog accepts your kill.
You hit the gnoll but do no damage.
You feel very sick.
The gnoll hits you from afar with a +2 spear of venom.
The gnoll barely misses you. You furiously retaliate!
You headbutt the gnoll!
You fail to use your ability.
You feel sick. The gnoll hits you but does no damage.
The gnoll barely misses you. The gnoll hits you with a +0 flail.
You closely miss the gnoll.
The gnoll is severely wounded.
You feel sick.
The gnoll hits you from afar with a +2 spear of venom.
* * * LOW HITPOINT WARNING * * *
You are lethally poisoned!
The gnoll completely misses you. The gnoll closely misses you.
You furiously retaliate!
You headbutt the gnoll!
You kill the gnoll!
Trog accepts your kill.
Your Axes skill increases to level 5!
You have reached level 5!
Your skin crawls.
You feel strong-willed.
You can no longer call upon Trog for regeneration and willpower.
You feel very sick. The gnoll closely misses you.
The gnoll hits you from afar with a +0 spear.
* * * LOW HITPOINT WARNING * * *
You feel sick.
You feel the effects of Trog's Hand fading.
You feel sick.
The gnoll hits you from afar with a +2 spear of venom!
* * * LOW HITPOINT WARNING * * *
You are lethally poisoned!
You die...

.#.# #...#.... ....#
.#.# #...#.... ....##
.#.#####...##... .....
...........###.r#.....
.#.#####.#.##...).#...
.#...###.... #gg###.#
.>....##.... #...##.#
............# ###.##.#
#.....#####...#.@.##.#
##...## #......#.##.#
##.## #...........#
#.# #......#.##.# #.#
###.####.##.# #.######
#.# #.##.# #......#
#.# #.##.#
######.###.####.##.#
#.............#


There were no monsters in sight!

Vanquished Creatures
  Natasha (thrice) (D:2)
  An adder (D:2)
  2 gnolls (D:3)
  A dart slug (D:1)
  An endoplasm (D:1)
  A giant cockroach (D:2)
  9 goblins
  7 hobgoblins
  2 quokkas (D:1)
  3 ball pythons
  A bat (D:1)
  3 frilled lizards
  4 kobolds
  3 rats
41 creatures vanquished.

Notes
Turn   | Place    | Note
-------+----------+-------------------------------------------
     0 | D:1      | ticklebelly the Minotaur Berserker began the quest for the
                  | Orb.
     0 | D:1      | Reached XP level 1. HP: 19/19 MP: 0/0
   159 | D:1      | Reached XP level 2. HP: 18/27 MP: 1/1
   419 | D:1      | Reached skill level 4 in Axes
  1858 | D:2      | Reached XP level 3. HP: 31/33 MP: 2/2
  1932 | D:2      | Noticed Natasha
  1947 | D:2      | Killed Natasha
  2273 | D:2      | Reached XP level 4. HP: 33/41 MP: 3/3
  2415 | D:2      | Noticed Natasha
  2422 | D:2      | Killed Natasha
  2560 | D:2      | Noticed Natasha
  2567 | D:2      | Killed Natasha
  2703 | D:3      | Reached ** piety under Trog
  2788 | D:3      | Reached skill level 5 in Axes
  2788 | D:3      | Reached XP level 5. HP: 14/47 MP: 4/4
  2790 | D:3      | HP: 2/47 [gnoll (8)]
  2791 | D:3      | Succumbed to a gnoll's poison

Illustrated notes

Levels and vault maps discovered:
D:1:      tarquinn_simple_flora_water_e, layout_basic, kennysheep_flooded_box
D:2:      layout_loops_ring, minmay_pentomino_p4, uniq_natasha
D:3:      layout_loops_ring, nicolae_overflow_crystal_walls,
          hellmonk_ecumenical_altar_heavens_door

Skill      XL: |  1  2  3  4 |
---------------+-------------+-----
Axes           | 4 5 |  5.0
Fighting       | 4 |  4.9
Armour         | 3 4 |  4.1
Dodging        | |  2.1

Action                   |  1- 3 |  4- 6 || total
-------------------------+-------+-------++-------
Melee: Hand axe          |    83 |    18 ||   101
       Headbutt          |     9 |     4 ||    13
Invok: Berserk           |     1 |       ||     1
       Trog's Hand       |       |     1 ||     1
Armor: Animal skin       |     4 |       ||     4
       Chain mail        |    23 |     8 ||    31
Dodge: Dodged            |    49 |     9 ||    58

Table legend: (Time is in decaauts)
 A = Elapsed time spent in this place.
 B = Non-inter-level travel time spent in this place.
 C = Inter-level travel time spent in this place.
 D = Time resting spent in this place.
 E = Time spent auto-exploring this place.
 F = Levels seen in this place.
 G = Mean time per level.
                   A        B        C        D        E       F      G
               +--------+--------+--------+--------+--------+-----+--------+
         Total |   2812 |   2645 |    167 |    222 |   2169 |   3 |  937.3 |
       Dungeon |   2812 |   2645 |    167 |    222 |   2169 |   3 |  937.3 |
               +--------+--------+--------+--------+--------+-----+--------+

Top non-repeatable levels by time:
     D:1: 1649 daAuts
     D:2: 1073 daAuts
     D:3: 89 daAuts
